 Dungeon Crawl Stone Soup version 0.30.1-4-g462c640d31 (webtiles) character file.

Game seed: 7428421043985552718

38 Bobit the Grasshopper (level 3, -3/31 HPs)
             Began as a Gnoll Warper on Aug 15, 2023.
             Slain by a gnoll sergeant
             ... wielding a +0 trident
              (10 damage)
             ... on level 5 of the Dungeon.
             The game lasted 00:04:22 (1232 turns).

Bobit the Grasshopper (Gnoll Warper)                Turns: 1232, Time: 00:04:23

Health: -3/31      AC:  5    Str: 10    XL:     3   Next: 43%
Magic:  7/9        EV: 11    Int: 12    God:
Gold:   28         SH:  3    Dex: 13    Spells: 7/12 levels left

rFire   . . .        a - +0 falchion
rCold   . . .        o - +0 buckler
rNeg    . . .        i - +0 ring mail
rPois   .            (no helmet)
rElec   .            (no cloak)
rCorr   .            (no gloves)
SInv    .            (no boots)
Will    .....        j - amulet of magic regeneration
Stlth   +            m - +4 ring of slaying
HPRegen 0.25/turn    (no ring)
MPRegen 0.51/turn

%: no passive effects
@: on blink cooldown
A: fangs 1, strong nose, distributed training
a: no special abilities


You were on level 5 of the Dungeon.
You visited 1 branch of the dungeon, and saw 4 of its levels.

You collected 28 gold pieces.

Inventory:

Hand Weapons
 a - a +0 falchion (weapon)
Missiles
 d - 7 boomerangs of dispersal (quivered)
 l - 2 boomerangs
Armour
 b - a +0 leather armour
 i - a +0 ring mail (worn)
 o - a +0 buckler (worn)
Jewellery
 j - an amulet of magic regeneration (around neck)
 k - an amulet of the acrobat
 m - a +4 ring of slaying (left hand)
Scrolls
 c - 2 scrolls of blinking
 e - 4 scrolls of identify {unknown}
 g - a scroll of vulnerability {unknown}
 h - a scroll of magic mapping {unknown}
 n - a scroll of immolation {unknown}
Potions
 f - a potion of might {unknown}
 p - a potion of haste {unknown}


   Skills:
 + Level 4.5 Fighting
 + Level 0.8 Short Blades
 + Level 4.5 Long Blades
 + Level 0.8 Axes
 + Level 0.8 Maces & Flails
 + Level 0.8 Polearms
 + Level 0.8 Staves
 + Level 0.8 Ranged Weapons
 + Level 2.6 Throwing
 + Level 2.6 Armour
 + Level 4.5 Dodging
 + Level 0.8 Stealth
 + Level 0.8 Shields
 + Level 0.8 Unarmed Combat
 + Level 5.0 Spellcasting
 + Level 0.5 Conjurations
 + Level 0.5 Hexes
 + Level 0.5 Summonings
 + Level 0.5 Necromancy
 + Level 5.4 Translocations
 + Level 0.5 Transmutations
 + Level 0.5 Fire Magic
 + Level 0.5 Ice Magic
 + Level 0.5 Air Magic
 + Level 0.5 Earth Magic
 + Level 0.5 Poison Magic
 + Level 1.0 Invocations
 + Level 0.8 Evocations


You had 7 spell levels left.
You knew the following spells:

 Your Spells              Type           Power      Damage    Failure   Level
a - Blink                 Tloc           32%        N/A       12%         2
b - Teleport Other        Tloc           16%        N/A       24%         3

Your spell library contained the following spells:

 Spells                   Type           Power      Damage    Failure   Level
 Lesser Beckoning         Tloc           32%        N/A       12%         2
 Vhi's Electric Charge    Tloc/Air       20%        N/A       54%         3
 Manifold Assault         Tloc           16%        N/A       63%         4


Dungeon Overview and Level Annotations

Branches:
Dungeon (3/15)

Altars:
Uskayaw

Annotations:
D:2 Sigmund


Innate Abilities, Weirdness & Mutations

You have very sharp teeth.
Your uncanny sense of smell can sniff out nearby items.
Your experience applies equally to all skills.


Message History

Casting: Blink (safe; 12% risk of failure)
Confirm with . or Enter, or press ? or * to list all spells.
You are still too unstable to blink.
The gnoll hits you with a +0 club. You block the gnoll's attack.
Casting: Blink (safe; 12% risk of failure)
Confirm with . or Enter, or press ? or * to list all spells.
You are still too unstable to blink.
You feel stable enough to blink again. The gnoll misses you.
The gnoll hits you from afar with a +0 halberd!
Casting: Blink (safe; 12% risk of failure)
Confirm with . or Enter, or press ? or * to list all spells.
You blink.
The gnoll hits you from afar with a +0 halberd.
A gnoll comes into view. It is wielding a +0 whip.
The gnoll throws a throwing net.
The throwing net hits you.
You become entangled in the net!
You see here a throwing net.
You struggle against the net.
The gnoll hits you from afar with a +0 halberd.
* * * LOW HITPOINT WARNING * * *
A gnoll sergeant comes into view. It is wielding a +0 trident.
Casting: Blink (safe; 12% risk of failure)
Confirm with . or Enter, or press ? or * to list all spells.
You are still too unstable to blink.
Casting: Blink (safe; 12% risk of failure)
Confirm with . or Enter, or press ? or * to list all spells.
The spell is quite dangerous to miscast (24% risk of failure)!
Continue anyway? [Y]es or [N]o only, please.
The spell is quite dangerous to miscast (24% risk of failure)!
Continue anyway?
Okay, then.
You tear a large gash into the net.
You feel stable enough to blink again.
The gnoll hits you from afar with a +0 halberd.
* * * LOW HITPOINT WARNING * * *
Casting: Teleport Other (quite dangerous; 24% risk of failure)
Confirm with . or Enter, or press ? or * to list all spells.
You blink.
The gnoll closely misses you.
The gnoll sergeant hits you from afar with a +0 trident!
You die...

######
#....#
#....#
#....#
#..§.#
#...g#
##..gg#
#...(.#
#....@#
#...g.#
#...g.#
#####....#
'....#
g#....#
.......#
## .#####
. ∆


You could see a gnoll sergeant and 4 gnolls.

Vanquished Creatures
  An adder (D:2)
  A dart slug (D:1)
  3 bats
  An endoplasm (D:1)
  2 giant cockroaches
  A goblin (D:3)
  4 hobgoblins
  2 kobolds (D:1)
  2 quokkas (D:1)
  A ball python (D:2)
  3 frilled lizards
  6 rats
27 creatures vanquished.

Notes
Turn   | Place    | Note
-------+----------+-------------------------------------------
     0 | D:1      | Bobit the Gnoll Warper began the quest for the Orb.
     0 | D:1      | Reached XP level 1. HP: 20/20 MP: 6/6
   124 | D:1      | Reached XP level 2. HP: 26/26 MP: 7/7
   127 | D:1      | Learned a level 2 spell: Blink
   762 | D:2      | Noticed Sigmund
   781 | D:1      | Reached skill level 5 in Spellcasting
   781 | D:1      | Reached XP level 3. HP: 24/31 MP: 7/9
   813 | D:1      | Learned a level 3 spell: Teleport Other
   940 | D:2      | Reached skill level 1 in Invocations
  1205 | D:3      | Found a hide-covered altar of Uskayaw.
  1211 | D:3      | You fall into a shaft and drop 2 floors!
  1211 | D:5      | Entered Level 5 of the Dungeon
  1230 | D:5      | Noticed a gnoll sergeant
  1232 | D:5      | Slain by a gnoll sergeant

Illustrated notes

Levels and vault maps discovered:
D:1:      amcnicky_arrival_double_pillar, layout_basic
D:2:      layout_loops_cross, uniq_sigmund
D:3:      minmay_razor_zed, layout_basic, mainiacjoe_overflow_catwalk,
          lemuel_coloured_pillars_altar, mainiacjoe_overflow_small_starburst
D:5:      nicolae_cairo_tiling_large, layout_gridville, temple_fountains,
          kennysheep_generic_room_8

Skill      XL: |  1  2  3 |
---------------+----------+-----
Spellcasting   | 5 |  5.0
Invocations    | 1 |  1.0
Fighting       | |  4.5
Short Blades   | |  0.8
Long Blades    | |  4.5
Axes           | |  0.8
Maces & Flails | |  0.8
Polearms       | |  0.8
Staves         | |  0.8
Ranged Weapons | |  0.8
Throwing       | |  2.6
Armour         | |  2.6
Dodging        | |  4.5
Stealth        | |  0.8
Shields        | |  0.8
Unarmed Combat | |  0.8
Conjurations   | |  0.5
Hexes          | |  0.5
Summonings     | |  0.5
Necromancy     | |  0.5
Translocations | |  5.4
Transmutations | |  0.5
Fire Magic     | |  0.5
Ice Magic      | |  0.5
Air Magic      | |  0.5
Earth Magic    | |  0.5
Poison Magic   | |  0.5
Evocations     | |  0.8

Action                     || total
---------------------------++-------
  Melee: Falchion          ||    72
         Bite              ||     6
         Punch             ||     2
   Cast: Blink             ||     5
         Teleport Other    ||     1
 Armour: Leather armour    ||    11
         Ring mail         ||    11
  Dodge: Dodged            ||    57
  Block: Buckler           ||     5
